Map: Orbital Shipyard

Players

Ibstronk - Winner!

  • Race: Terran Terran
  • League: Platinum

Storm

  • Race: Protoss Protoss
  • League: Platinum

VOD

Have the link to the VOD?

Description

Time

  • Played on: Nov. 12, 2015, 5:17 p.m.
  • Length: 23:38
Show
View Real Time Build Order
Export as new Build Order

Ibstronk Terran - Winner!

Build Orders: Reaper Expand, MMM Bio 

Get SALT Encoding   

  12  0:01  SCV  
  13  0:13  SCV  
  14  0:18  Supply Depot  
  14  0:25  SCV  
  15  0:39  SCV  
  15  0:40  Barracks  
  16  0:45  Refinery  
  16  0:51  SCV  
  17  1:04  SCV  
  18  1:16  SCV  
  19  1:28  Orbital Command  
  19  1:30  Reaper  
  20  1:42  Command Center  
  20  1:54  SCV  
  20  1:56  Supply Depot  
  21  2:08  SCV  
  21  2:09  Barracks Reactor  
  21  2:14  Bunker  
  22  2:20  SCV  
  23  2:27  Barracks  
  23  2:30  Barracks  
  23  2:33  SCV  
  24  2:45  SCV, Marine x2  
  27  2:56  Engineering Bay  
  27  2:57  Orbital Command  
  26  2:59  SCV  
  26  3:04  Marine x2  
  29  3:11  SCV, Refinery  
  30  3:15  Barracks Tech Lab  
  30  3:17  Barracks Tech Lab  
  30  3:23  SCV  
  30  3:25  SCV, Supply Depot  
  32  3:30  Marine x2  
  34  3:35  SCV, Missile Turret  
  34  3:40  Missile Turret  
  35  3:41  SCV  
  35  3:47  SCV  
  39  3:48  Marauder  
  39  3:50  Marauder  
  39  3:53  SCV  
  42  4:01  SCV  
  43  4:06  SCV, Bunker  
  43  4:07  Supply Depot, Marine x2  
  46  4:11  Stimpack  
  46  4:13  SCV  
  46  4:17  Combat Shields  
  47  4:18  SCV  
  48  4:25  SCV  
  48  4:26  Marauder  
  48  4:30  SCV  
  52  4:32  Marauder, Marine x2  
  56  4:43  SCV  
  56  4:44  SCV  
  58  4:47  Supply Depot, Marauder  
  58  4:49  Supply Depot  
  58  4:52  Refinery, Marine  
  60  4:53  Refinery  
  61  5:00  SCV, Factory  
  62  5:08  SCV, Marauder  
  62  5:10  Marine, Marauder  
  62  5:11  Marine  
  62  5:13  SCV  
  70  5:15  Supply Depot  
  70  5:17  Supply Depot  
  70  5:20  SCV  
  71  5:25  SCV  
  72  5:32  Terran Infantry Weapons Level 1, SCV  
  73  5:35  Concussive Shells  
  73  5:37  SCV  
  74  5:44  Starport, Factory Reactor  
  74  5:46  Supply Depot  
  74  5:47  SCV  
  74  5:48  Marauder  
  74  5:49  SCV  
  80  5:50  Supply Depot, Marauder  
  80  5:51  Marine  
  80  5:52  Marine  
  82  6:04  Missile Turret  
  82  6:09  SCV x2  
  84  6:11  Marine x2  
  84  6:12  Marauder  
  88  6:21  Missile Turret, Marauder  
  88  6:22  Missile Turret  
  90  6:27  Command Center  
  90  6:35  Marauder, Marine x2  
  90  6:37  Medivac x2  
  98  6:50  Missile Turret  
  98  6:51  Missile Turret  
  98  7:01  Supply Depot  
  98  7:02  Supply Depot  
  98  7:03  Marine, Marauder  
  98  7:04  Marauder, Marine  
  98  7:05  Missile Turret  
  104  7:13  Missile Turret  
  104  7:15  Medivac x2  
  108  7:33  Marauder x2, Marine x2  
  114  7:42  Barracks  
  114  7:44  Factory Reactor  
  114  7:47  Barracks x2, Medivac  
  114  7:48  Medivac  
  114  7:49  Barracks  
  114  7:51  Marine  
  119  7:52  SCV x2  
  119  7:54  Marauder  
  114  8:15  Marauder, Marine x2  
  114  8:16  Marauder  
  111  8:33  Marine x2  
  109  8:36  Marauder  
  109  8:37  Marauder  
  99  8:50  Marine  
  99  8:51  Marine  
  99  8:54  Barracks Reactor  
  99  8:55  Barracks Tech Lab x2  
  95  8:56  Orbital Command  
  95  8:58  SCV x2, Marauder  
  95  8:59  Marauder  
  101  9:03  Widow Mine x2  
  101  9:04  Medivac x2  
  101  9:08  Marine  
  101  9:09  Supply Depot x2  
  110  9:10  SCV  
  110  9:14  Supply Depot  
  110  9:15  Marine, Marauder x2  
  117  9:17  SCV  
  117  9:19  Marine, Marauder  
  117  9:22  SCV  
  121  9:25  SCV  
  121  9:26  Marine  
  123  9:32  Command Center  
  123  9:33  Marine  
  123  9:36  Refinery  
  124  9:41  Refinery  
  124  9:44  Marine x3, Marauder x4  
  135  9:50  Marine  
  136  9:53  Widow Mine x2  
  136  9:54  Medivac  
  136  9:55  Medivac  
  144  10:02  SCV x2, Marine  
  144  10:03  SCV  
  144  10:05  Marauder  
  144  10:06  Marauder  
  152  10:09  Terran Infantry Armor Level 1  
  152  10:14  SCV  
  152  10:15  Armory  
  152  10:17  Engineering Bay  
  139  10:43  Marine x3, Marauder x3  
  144  10:52  Marauder, Widow Mine x2, Marine  
  149  11:02  Medivac  
  149  11:03  Medivac  
  153  11:04  Marauder  
  153  11:05  Marauder x2  
  155  11:11  Marine x2  
  155  11:13  Marauder  
  155  11:22  Marine x2  
  155  11:26  Marauder x2  
  155  11:29  Planetary Fortress  
  159  11:32  Medivac  
  159  11:33  Medivac  
  157  11:50  Marauder x4  
  163  11:54  Marine x2  
  163  11:55  Marine x2  
  163  11:58  Missile Turret  
  163  12:00  Refinery  
  167  12:04  Missile Turret  
  167  12:08  Terran Infantry Weapons Level 2, Missile Turret, Terran Infantry Armor Level 2  
  167  12:09  Refinery, Missile Turret  
  167  12:11  Marauder, Marine  
  167  12:12  Marauder x2  
  146  12:27  Marine x3  
  130  12:30  Liberator, Marauder  
  130  12:33  Marine, Marauder x3  
  130  12:45  Marine x2  
  135  12:51  Marauder  
  135  12:54  Marauder  
  135  12:56  Liberator, Marauder x2, Marine x2  
  141  13:11  Sensor Tower  
  141  13:12  Marine x2  
  143  13:13  Liberator  
  146  13:25  Supply Depot  
  146  13:29  Supply Depot x2  
  149  13:37  Marauder  
  149  13:38  Marine x4, Marauder x3  
  149  13:39  Liberator  
  161  13:45  Command Center  
  161  13:53  Widow Mine x2  
  165  13:56  Liberator, Marine  
  165  13:59  Marauder  
  165  14:02  Fusion Core  
  171  14:07  Starport  
  171  14:12  Barracks  
  174  14:24  Marine x2, Marauder x2  
  178  14:28  Marauder x2, Marine x2  
  186  14:42  Marine x2  
  186  14:43  Liberator  
  186  14:45  Marauder  
  189  14:46  Marauder, Marine x2  
  189  14:48  Command Center  
  189  14:49  Marine  
  189  14:50  Marauder  
  196  14:58  Starport Tech Lab  
  198  15:35  Marauder  
  168  16:07  Marauder  
  168  16:08  Marauder  
  148  16:11  Marine, Marauder x2  
  148  16:12  Marine  
  148  16:15  Marine x3  
  154  16:23  Command Center  
  138  16:29  Marine x2, Marauder x2  
  144  16:33  Marine, Marauder x2  
  144  16:34  Marine  
  144  16:35  Marine  
  151  16:47  Marine x2  
  151  16:50  Marauder x2  
  151  16:53  SCV x3  
  160  16:56  Liberator  
  160  17:00  Command Center  
  160  17:05  Command Center  
  160  17:10  Marine x4, Marauder x2  
  160  17:11  Marine x2  
  160  17:12  Marauder  
  168  17:45  Liberator x3  
  166  18:00  Marine, Marauder x3  
  166  18:01  Marine x4, Marauder  
  168  18:18  Marine  
  168  18:19  Marine x3  
  141  18:22  Marauder  
  141  18:23  Marauder  
  141  18:24  Marine, Marauder x2  
  149  18:28  Liberator  
  143  18:36  Marine  
  143  18:37  Marine x2  
  144  18:41  Marine  
  144  18:43  Barracks Tech Lab, Marauder  
  144  18:44  Marine  
  144  18:45  Medivac x2  
  144  18:46  Planetary Fortress  
  154  18:51  Missile Turret  
  152  19:03  Planetary Fortress  
  146  19:12  Missile Turret  
  146  19:15  Medivac x2  
  148  19:28  Liberator  
  148  19:34  Missile Turret  
  148  19:39  Marine x2, Marauder x5  
  148  19:40  Marine x2  
  148  19:41  Medivac  
  148  19:45  Medivac  
  165  19:54  Liberator  
  165  19:57  Marine x2  
  165  19:58  Marine x2  
  157  20:00  Marauder x2, Marine x2  
  157  20:03  Marauder  
  157  20:06  Widow Mine x2  
  170  20:15  Marine  
  170  20:18  Marauder  
  170  20:19  Marauder  
  175  20:22  Marauder x2  
  179  20:29  Refinery  
  179  20:32  Refinery  
  179  20:55  Marauder x5  
  179  20:56  Marine x4  
  192  20:57  Medivac x3  
  198  21:13  Marine  
  198  21:14  Marine  
  183  21:49  Marine x4, Marauder x5  
  183  21:53  Medivac  
  197  22:07  Marine x4  
  195  22:09  Marine  
  195  22:10  Marauder  
  198  22:20  Marauder  
  199  22:41  Marine  
  199  22:43  Command Center  
  187  23:06  Marine x2, Marauder x5  
Show
View Real Time Build Order
Export as new Build Order

Storm Protoss 

Build Orders: 1 Gate Expand 

Get SALT Encoding   

  12  0:01  Probe (Chrono Boost)  
  13  0:11  Probe (Chrono Boost)  
  14  0:18  Pylon  
  14  0:22  Probe (Chrono Boost)  
  15  0:36  Probe (Chrono Boost)  
  15  0:39  Gateway  
  16  0:46  Probe (Chrono Boost)  
  18  1:08  Nexus  
  17  1:13  Probe (Chrono Boost)  
  17  1:18  Assimilator  
  18  1:28  Cybernetics Core  
  18  1:31  Probe (Chrono Boost)  
  19  1:42  Probe (Chrono Boost)  
  19  1:46  Pylon  
  20  1:52  Probe (Chrono Boost)  
  21  1:54  Assimilator  
  21  2:03  Probe (Chrono Boost)  
  22  2:13  Probe (Chrono Boost)  
  22  2:20  Probe (Chrono Boost)  
  23  2:24  Mothership Core (Chrono Boost)  
  25  2:31  Stalker, Probe (Chrono Boost)  
  25  2:33  Pylon  
  28  2:41  Probe (Chrono Boost)  
  28  2:43  Probe (Chrono Boost)  
  30  2:48  Warp Gate  
  30  2:52  Probe (Chrono Boost)  
  30  2:53  Probe (Chrono Boost)  
  32  3:00  Robotics Facility  
  32  3:02  Probe (Chrono Boost)  
  32  3:04  Probe (Chrono Boost)  
  34  3:08  Stalker  
  36  3:13  Probe (Chrono Boost)  
  36  3:14  Probe (Chrono Boost)  
  38  3:23  Probe (Chrono Boost)  
  38  3:25  Probe (Chrono Boost)  
  40  3:28  Pylon  
  40  3:29  Assimilator  
  41  3:34  Probe (Chrono Boost)  
  41  3:35  Probe (Chrono Boost), Assimilator  
  41  3:39  Sentry  
  44  3:45  Probe (Chrono Boost)  
  44  3:46  Probe (Chrono Boost)  
  46  3:50  Observer  
  46  3:55  Probe (Chrono Boost)  
  48  4:01  Pylon  
  48  4:06  Gateway  
  48  4:08  Probe x2 (Chrono Boost)  
  50  4:10  Gateway  
  50  4:11  Robotics Bay  
  50  4:13  Pylon  
  50  4:17  Observer  
  50  4:19  Probe x2 (Chrono Boost)  
  53  4:29  Probe (Chrono Boost)  
  53  4:30  Probe (Chrono Boost)  
  55  4:38  Twilight Council  
  55  4:41  Forge  
  55  4:42  Gateway  
  55  4:45  Probe (Chrono Boost)  
  56  4:47  Probe (Chrono Boost)  
  56  4:51  Observer (Chrono Boost)  
  58  4:55  Probe (Chrono Boost)  
  59  5:11  Disruptor (Chrono Boost)  
  62  5:14  Forge  
  62  5:16  Pylon  
  62  5:20  Nexus, Robotics Facility  
  62  5:23  Pylon  
  62  5:31  Pylon  
  62  5:33  Pylon  
  62  5:37  Probe  
  62  5:39  Probe, Pylon  
  64  5:45  Assimilator  
  64  5:48  Probe  
  65  5:50  Protoss Ground Armor Level 1 (Chrono Boost)  
  65  5:51  Probe, Blink  
  65  5:54  Protoss Ground Weapons Level 1 (Chrono Boost)  
  66  6:00  Warp Prism (Chrono Boost)  
  66  6:03  Stalker  
  70  6:04  Sentry  
  70  6:09  Gateway  
  72  6:12  Stalker  
  72  6:15  Probe  
  72  6:17  Probe  
  76  6:27  Probe  
  76  6:29  Probe  
  78  6:34  Disruptor x2 (Chrono Boost)  
  84  6:45  Photon Cannon  
  84  6:47  Stalker x3  
  84  6:49  Photon Cannon  
  90  6:54  Stalker  
  90  6:57  Probe  
  90  6:58  Probe x2  
  95  7:02  Assimilator  
  95  7:04  Pylon  
  95  7:09  Gateway  
  95  7:10  Probe  
  96  7:25  Disruptor x2 (Chrono Boost)  
  96  7:26  Probe  
  96  7:28  Probe x2  
  103  7:38  Stalker x3  
  103  7:39  Zealot x2  
  103  7:40  Probe  
  114  7:52  Charge  
  114  7:54  Gateway, Protoss Ground Weapons Level 2  
  114  7:55  Gateway, Protoss Ground Armor Level 2  
  114  8:12  Mothership Core  
  93  8:30  Stalker  
  93  8:31  Stalker x2  
  93  8:32  Stalker  
  83  8:41  Disruptor (Chrono Boost)  
  83  8:42  Disruptor (Chrono Boost)  
  78  8:53  Probe  
  78  8:55  Probe x2  
  79  8:59  Pylon  
  79  9:00  Pylon  
  79  9:02  Pylon  
  79  9:07  Nexus, Pylon  
  79  9:10  Probe x2, Pylon  
  79  9:11  Pylon  
  79  9:15  Pylon  
  81  9:18  Assimilator  
  81  9:21  Pylon  
  81  9:22  Assimilator  
  81  9:23  Disruptor x2 (Chrono Boost), Pylon  
  87  9:26  Pylon  
  87  9:36  Resonating Glaives  
  87  9:38  Templar Archives  
  86  9:39  Sentry x2  
  86  9:40  Stalker x3, Pylon  
  96  9:46  Adept  
  96  9:48  Probe  
  99  9:58  Probe  
  99  10:03  Disruptor (Chrono Boost)  
  99  10:04  Disruptor (Chrono Boost)  
  99  10:05  Stalker x2  
  105  10:33  Probe x2  
  105  10:35  Adept x3  
  113  10:36  Adept x4  
  116  10:45  Protoss Ground Armor Level 3  
  116  10:47  Disruptor (Chrono Boost)  
  115  10:56  Adept  
  115  10:57  Adept x3  
  99  11:09  Probe  
  99  11:15  Adept x3  
  103  11:21  Probe  
  103  11:24  Adept x2  
  108  11:26  Adept x2  
  112  11:36  Adept x3  
  114  11:41  Probe  
  114  11:43  Probe  
  110  11:52  Probe  
  110  11:53  Probe  
  110  11:55  Probe  
  110  11:58  Adept x2  
  105  12:03  Adept x2  
  105  12:05  Probe  
  105  12:07  Probe  
  95  12:35  Adept x5  
  100  12:53  Adept x2  
  100  12:56  Nexus  
  100  12:57  Probe  
  105  12:58  Probe x2  
  105  12:59  Pylon  
  105  13:01  Stalker  
  109  13:14  High Templar x4  
  109  13:15  High Templar x2  
  109  13:17  Psionic Storm  
  121  13:21  Disruptor (Chrono Boost)  
  124  13:28  Archon  
  124  13:33  Photon Cannon  
  124  13:36  Photon Cannon  
  124  13:44  Probe  
  125  13:49  Photon Cannon  
  125  13:52  Photon Cannon  
  125  13:54  Warp Prism (Chrono Boost)  
  127  13:57  High Templar x3  
  133  14:10  Archon  
  133  14:13  Protoss Ground Weapons Level 3  
  133  14:26  Nexus  
  133  14:27  Pylon  
  133  14:32  High Templar x3  
  133  14:34  Zealot x2  
  143  14:45  Archon  
  143  14:47  Stalker x2  
  147  15:02  Adept  
  147  15:04  Adept x2  
  147  15:05  Adept  
  155  15:23  Pylon  
  155  15:26  Gateway  
  155  15:27  Pylon  
  155  15:28  Gateway  
  153  15:29  Gateway, Assimilator  
  153  15:31  Gateway  
  153  15:32  Assimilator  
  84  16:25  Disruptor x2 (Chrono Boost)  
  72  16:31  Mothership Core, Probe  
  69  16:33  Probe x2  
  69  16:38  High Templar x7  
  88  16:50  Photon Cannon  
  88  16:51  Stargate  
  88  16:53  Stalker x4  
  96  16:54  Stargate, Photon Cannon  
  96  16:56  Disruptor (Chrono Boost)  
  96  16:58  Protoss Shields Level 1  
  96  17:00  Photon Cannon  
  96  17:01  Disruptor (Chrono Boost)  
  103  17:12  Probe  
  103  17:22  Stalker x2  
  96  17:23  Stalker x2, Probe  
  100  17:42  Nexus  
  96  17:54  Pylon  
  69  18:20  Stalker x3  
  69  18:22  Stalker  
  69  18:23  Archon  
  69  18:25  Stalker x2  
  74  18:35  Stalker  
  74  18:40  Probe  
  76  18:42  Probe  
  76  18:43  Gateway  
  73  19:19  Mothership Core, Probe  
  73  19:20  Probe  
  73  19:22  Probe  
  78  19:30  Probe  
  78  19:31  Probe  
  78  19:34  Probe  
  78  19:35  Void Ray, Assimilator  
  78  19:36  Void Ray  
  89  19:40  Assimilator  
  89  19:43  High Templar x3  
  95  19:49  Archon  
  59  20:15  Probe  
  60  20:22  Nexus  
  60  20:25  Probe, High Templar  
  63  20:30  Probe  
  63  20:31  Probe  
  65  20:36  Probe  
  65  20:45  Pylon  
  64  21:07  Probe  
  64  21:09  Adept x2  
  69  21:17  Probe  
  62  21:28  Probe  
  62  21:29  Archon  
  54  21:42  Probe, Gateway  
  55  21:51  Zealot  
  55  22:07  Probe  
  55  22:11  Probe  
  58  22:18  Probe  
  58  22:21  Probe  
  58  22:22  Zealot  
  60  22:28  Probe  
  61  22:32  Probe  
  63  22:43  Cybernetics Core  
  63  23:12  Pylon  
  63  23:16  Pylon  
  63  23:18  Pylon  
Tags
 
Add a new tag
Caveats
  • Supply blocks, unpowered buildings, or Contaminate may cause inaccurate times.
  • Supply counts are checked every 10 seconds.